 Dungeon Crawl Stone Soup version 0.22-a0-570-g58866f5 (webtiles) character file.

29 royokou the Skirmisher (level 3, -1/35 HPs)
             Began as a Minotaur Berserker on June 30, 2018.
             Was a Follower of Trog.
             Slain by Sigmund
             ... wielding a +0 scythe
              (2 damage)
             ... on level 2 of the Dungeon.
             The game lasted 00:02:02 (867 turns).

royokou the Skirmisher (Minotaur Berserker)          Turns: 867, Time: 00:02:02

Health: -1/35      AC:  3    Str: 21 (22) XL:     3   Next: 1%
Magic:  2/2        EV: 12    Int:  1 (4)  God:    Trog [*.....]
Gold:   5          SH:  0    Dex:  7 (9)  Spells: 2/2 levels left

rFire    + . .     SeeInvis .   a - +0 hand axe
rCold    + . .     Gourm    .   (no shield)
rNeg     . . .     Faith    .   j - +0 leather armour
rPois    .         Spirit   .   (helmet restricted)
rElec    .         Reflect  .   (no cloak)
rCorr    .         Harm     .   (no gloves)
MR       .....                  (no boots)
Stlth    ..........             (no amulet)
HPRegen  0.11/turn              (no ring)
MPRegen  0.08/turn              (no ring)

@: confused, berserk cooldown, slowed, very slow
A: retaliatory headbutt, horns 2, cold resistance 1, fire resistance 1, sturdy
frame 1
a: Berserk, Renounce Religion


You were on level 2 of the Dungeon.
You worshipped Trog.
Trog was aware of your devotion.
You were not hungry.

You visited 1 branch of the dungeon, and saw 2 of its levels.

You collected 5 gold pieces.

Inventory:

Hand Weapons
 a - a +0 hand axe (weapon)
Armour
 b - a +0 animal skin
 j - a +0 leather armour (worn)
Scrolls
 d - a scroll of identify
 f - a scroll of amnesia
Potions
 h - a potion of mutation
Comestibles
 c - 3 rations


   Skills:
 + Level 4.9 Fighting
 - Level 3.7 Axes
 - Level 2.4 Armour
 - Level 2.2 Dodging


You had 2 spell levels left.
You didn't know any spells.
Your spell library was empty.

Dungeon Overview and Level Annotations

Branches:
Dungeon (2/15)

Altars:

Annotations:
D:2 Sigmund


Innate Abilities, Weirdness & Mutations

You reflexively headbutt those who attack you in melee.
You have a pair of horns on your head.
Your flesh is cold resistant. (rC+)
Your flesh is heat resistant. (rF+)
Your movements are slightly less encumbered by armour. (ER -2)


Message History

Sigmund flickers and vanishes!
Deactivating autopickup; reactivate with Ctrl-A.
No target in view!
No target in view!
A magic dart appears from out of thin air!
The magic dart hits you!
A puff of flame appears from out of thin air!
The puff of flame hits you! You resist. Something hits you!
* * * LOW HITPOINT WARNING * * *
You hear some strange, mumbled words.
You are confused.
You hear some strange, mumbled words.
A magic dart appears from out of thin air!
The magic dart hits you!
* * * LOW HITPOINT WARNING * * *
Something hits you.
* * * LOW HITPOINT WARNING * * *
You bump into the rock wall.
Something hits you.
You die...

### . ..### #.
#... #.# ##..#
.#... ...
...#.##.#
.##...#.#######
.......@.......
###.#.#.#####.#
#.##.# ## #.#
#.# #.# #.#
#########.#
........#.#


There were no monsters in sight!

Vanquished Creatures
  An ooze (D:1)
  2 leopard geckos (D:1)
  A giant cockroach (D:1)
  A goblin (D:1)
  4 hobgoblins (D:1)
  2 kobolds (D:1)
  3 bats (D:1)
  7 frilled lizards (D:1)
  3 rats (D:1)
24 creatures vanquished.

Notes
Turn   | Place    | Note
-------+----------+-------------------------------------------
     0 | D:1      | royokou the Minotaur Berserker began the quest for the Orb.
     0 | D:1      | Reached XP level 1. HP: 19/19 MP: 0/0
    70 | D:1      | Reached skill level 4 in Fighting
    92 | D:1      | Reached XP level 2. HP: 19/27 MP: 1/1
   709 | D:1      | Reached XP level 3. HP: 32/35 MP: 2/2
   853 | D:2      | Gained mutation: Your movements are slightly less encumbered by armour. (ER -2) [potion of mutation]
   853 | D:2      | Gained mutation: Your flesh is heat resistant. (rF+) [potion of mutation]
   853 | D:2      | Gained mutation: Your flesh is cold resistant. (rC+) [potion of mutation]
   861 | D:2      | Noticed Sigmund
   866 | D:2      | HP: 1/35 [something (4)]
   867 | D:2      | Slain by Sigmund

Vault maps used:
D:1:      dpeg_arrival_rooms_with_view
D:2:      grunt_temple_overflow_opulence, uniq_jessica, uniq_sigmund

Skill      XL: |  1 |
---------------+----+-----
Fighting       | 4 |  4.9
Axes           | |  3.7
Armour         | |  2.4
Dodging        | |  2.2

Action                   || total
-------------------------++-------
Melee: Hand axe          ||    44
       Headbutt          ||     3
  Use: Potion            ||     3
       Scroll            ||     2
Armor: Animal skin       ||     8
Dodge: Dodged            ||    35

Table legend:
 A = Spawn XP
 B = Non-spawn XP
 C = Spawn XP percentage of total XP
 D = Spawn monster count
 E = Non-spawn monster count
 F = Spawn count percentage of total count
 G = Total turns spent on level
                    A         B        C        D         E        F      G
               +---------+---------+-------+---------+---------+-------+---------
         Total |       0 |      42 |   0.0 |       0 |      24 |   0.0 |   867
               +---------+---------+-------+---------+---------+-------+---------
           D:1 |       0 |      42 |   0.0 |       0 |      24 |   0.0 |   845
               +---------+---------+-------+---------+---------+-------+---------
